 Dungeon Crawl Stone Soup version 0.21.1 (webtiles) character file.

124 HEYYEYAAE the Digger (level 4, 0/35 HPs)
             Began as a Demigod Earth Elementalist on Feb 3, 2018.
             Slain by an adder (4 damage)
             ... on level 3 of the Dungeon.
             The game lasted 00:02:38 (1655 turns).

HEYYEYAAE the Digger (Demigod Earth Elementalist)   Turns: 1655, Time: 00:02:39

Health: 0/35       AC:  2    Str:  8 (11) XL:     4   Next: 52%
Magic:  10/10      EV: 13    Int: 25 (26) God:
Gold:   72         SH:  0    Dex: 15 (16) Spells: 7/8 levels left

rFire    . . .     SeeInvis .   j - +2 flail (holy)
rCold    . . .     Gourm    .   (no shield)
rNeg     . . .     Faith    .   c - +0 robe
rPois    .         Spirit   .   (no helmet)
rElec    .         Reflect  .   (no cloak)
rCorr    .         Harm     .   (no gloves)
MR       .....                  (no boots)
Stlth    ++........             (no amulet)
HPRegen  0.11/turn              (no ring)
MPRegen  0.12/turn              (no ring)

@: brilliant, lethally poisoned (0 -> -6)
A: high mp 1
a: no special abilities


You were on level 3 of the Dungeon.
You were not hungry.

You visited 1 branch of the dungeon, and saw 3 of its levels.

You collected 72 gold pieces.

Inventory:

Hand Weapons
 j - a +2 flail of holy wrath (weapon)
Missiles
 b - 85 stones (quivered)
Armour
 c - a +0 robe (worn)
Scrolls
 a - 2 scrolls of fear {unknown}
 f - a scroll of teleportation {unknown}
 g - a scroll of remove curse {unknown}
 h - 3 scrolls of identify {unknown}
 k - a scroll of amnesia {unknown}
Books
 e - a book of Geomancy

   Spells                             Type                      Level
   a - Sandblast                      Earth                        1
   b - Passwall                       Transmutation/Earth          2
   c - Stone Arrow                    Conjuration/Earth            3
   d - Petrify                        Transmutation/Earth          4
   e - Lee's Rapid Deconstruction     Earth                        5
Comestibles
 d - 5 rations


   Skills:
 + Level 1.4 Fighting
 + Level 1.0 Armour
 + Level 2.5 Dodging
 - Level 1.7 Stealth
 * Level 2.6 Spellcasting
   Level 0.8 Transmutations
 * Level 3.4 Earth Magic


You had 7 spell levels left.
You knew the following spells:

 Your Spells              Type           Power        Failure   Level  Hunger
a - Sandblast             Erth           #####.       1%          1    None


Dungeon Overview and Level Annotations

Branches:
Dungeon (3/15)


Innate Abilities, Weirdness & Mutations

You have an increased reservoir of magic. (+10% MP)


Message History

You are too injured to fight recklessly!
You are too injured to fight recklessly!
You are too injured to fight recklessly!
You are too injured to fight recklessly!
Unknown command.
* * * LOW HITPOINT WARNING * * *
You feel sick.
It was a potion of degeneration.
There was something very wrong with that liquid.
You feel weakened.
You feel dopey.
You feel clumsy.
* * * LOW HITPOINT WARNING * * *
You feel sick. The adder closely misses you.
The hobgoblin hits you with a club.
* * * LOW HITPOINT WARNING * * *
Unknown command.
It was a potion of brilliance.
You feel clever all of a sudden. The adder closely misses you.
The hobgoblin closely misses you. The adder bites you.
You die...

### ### .... ....
......###### ....#
#..##.....@##.....#
###..##.....Sg.....>.
#.#..##.##..rK......#
#...##.##...#.....$#
#..##.##.###..#.###
##.##.##.# ..# #
#..<.....# ...
#.#.##.##.# ###.
#.##.##.#.# #.


You could see an adder, a hobgoblin, a kobold and a rat.

Vanquished Creatures
  3 gnolls (D:2)
  3 adders (D:2)
  2 oozes
  2 dart slugs (D:2)
  3 giant cockroaches
  4 hobgoblins
  4 jackals (D:2)
  13 bats
  3 frilled lizards
  11 goblins
  4 kobolds
  9 rats
61 creatures vanquished.

Notes
Turn   | Place    | Note
-------+----------+-------------------------------------------
     0 | D:1      | HEYYEYAAE the Demigod Earth Elementalist began the quest for the Orb.
     0 | D:1      | Reached XP level 1. HP: 14/14 MP: 5/5
   263 | D:1      | Reached XP level 2. HP: 20/20 MP: 5/7
   463 | D:1      | Reached skill level 3 in Earth Magic
   648 | D:2      | Reached XP level 3. HP: 21/27 MP: 3/8
   784 | D:2      | Found a shadowy altar of Dithmenos.
   801 | D:2      | Reached skill level 1 in Fighting
  1016 | D:2      | Reached XP level 4. HP: 8/35 MP: 6/10
  1022 | D:2      | Reached skill level 1 in Armour
  1655 | D:3      | Slain by an adder

Skill      XL: |  1  2  3  4 |
---------------+-------------+-----
Spellcasting   | 2 |  2.6
Dodging        | 2 |  2.5
Earth Magic    | 3 |  3.4
Fighting       | 1 |  1.4
Armour         | 1 |  1.0
Stealth        | |  1.7
Transmutations | |  0.8

Action                   |  1- 3 |  4- 6 || total
-------------------------+-------+-------++-------
Melee: Unarmed           |    57 |       ||    57
       Flail             |       |    45 ||    45
 Cast: Sandblast         |    55 |     7 ||    62
  Use: Potion            |       |     2 ||     2
 Stab: Sleeping          |     4 |       ||     4
  Eat: Chunk             |       |     3 ||     3
Armor: Robe              |    31 |    11 ||    42
Dodge: Dodged            |    64 |    54 ||   118
